 Dungeon Crawl Stone Soup version 0.32-a0-656-g3542139ebd (webtiles) character file.

Game seed: 14300866856137839165

65 hikkokomori the Chopper (level 4, -12/35 HPs)
             Began as a Coglin Berserker on Mar 9, 2024.
             Was a Believer of Trog.
             Mangled by Crazy Yiuf
             ... wielding a +3 quarterstaff of chaos
              (16 damage)
             ... on level 3 of the Dungeon.
             The game lasted 00:03:10 (1513 turns).

hikkokomori the Chopper (Coglin Berserker)          Turns: 1513, Time: 00:03:11

Health: -12/35     AC: 10    Str: 20    XL:     4   Next: 14%
Magic:  4/4        EV:  6    Int:  6    God:    Trog [**....]
Gold:   126        SH:  0    Dex: 13    Spells: 3/3 levels left

rFire   . . .        a - +0 hand axe {Ankhesenamen}
rCold   . . .        f - +0 hand axe {Kyoko}
rNeg    . . .        h - +0 plate armour
rPois   .            (no helmet)
rElec   .            (no cloak)
rCorr   .            (no gloves)
SInv    .            (no boots)
Will    +....        (amulet unavailable) Stlth
                     (ring unavailable)
HPRegen 0.25/turn    (ring unavailable)
MPRegen 0.09/turn    (no gizmo)

%: no passive effects
@: lethally poisoned (-12 -> -17), enlightened, flying, revving
A: off-hand wielding, slow wielding, warmup strikes, no jewellery
a: Invent Gizmo, Renounce Religion, Berserk, Trog's Hand


You were on level 3 of the Dungeon.
You worshipped Trog.
Trog was pleased with you.
You visited 1 branch of the dungeon, and saw 3 of its levels.

You collected 126 gold pieces.

Inventory:

Hand Weapons
 a - a +0 hand axe (weapon) {Ankhesenamen}
 c - a +0 dagger {Londisizwe}
 f - a +0 hand axe (offhand) {Kyoko}
Missiles
 j - 6 poisoned darts (quivered)
Armour
 b - a +0 animal skin
 h - a +0 plate armour (worn)
Scrolls
 d - a scroll of immolation
 g - a scroll of torment
 i - a scroll of vulnerability {unknown}
 l - 2 scrolls of teleportation {unknown}
 m - a scroll of amnesia {unknown}
 n - 3 scrolls of poison


   Skills:
 - Level 3.0 Fighting
 + Level 4.7 Axes
 - Level 1.8 Armour
 - Level 1.8 Dodging


You had 3 spell levels left.
You didn't know any spells.
Your spell library was empty.

Dungeon Overview and Level Annotations

Branches:
Dungeon (3/15)

Altars:
Fedhas

Annotations:
D:3 Crazy Yiuf


Innate Abilities, Weirdness & Mutations

You can wield a second weapon in your off-hand.
It takes a long time for you to wield or remove held weapons.
Your first few attacks do less damage.
You cannot equip rings or amulets.


Message History

Found a hammer.
Found a runed translucent door.
Crazy Yiuf says, "Fluff arga ragdoll!"
Key pressed, stopping explore.
No target in view!
Press: ? - help, v - describe, . - travel
Here: Crazy Yiuf, wielding a +3 quarterstaff of chaos and wearing a +1 cloak of stealth (fire blocked by a runed translucent door)
The floor.
Okay, then.
As you read the scroll labelled LYRICU ETEERUF, it crumbles to dust.
It is a scroll of identify.
k - a potion of enlightenment You feel very buoyant.
You fly up into the air.
As you read the scroll of identify, it crumbles to dust.
d - a scroll of immolation
As you read the scroll of identify, it crumbles to dust.
g - a scroll of torment Crazy Yiuf yells, "Hah tea song!"
As you read the scroll of identify, it crumbles to dust.
n - 3 scrolls of poison
Okay, then.
You reach down and open the door.
You hit Crazy Yiuf but do no damage.
You barely miss Crazy Yiuf with your +0 hand axe.
Crazy Yiuf hits you with a +3 quarterstaff of chaos!
You are electrocuted!
You hit Crazy Yiuf with your +0 hand axe.
Crazy Yiuf is moderately wounded.
You hit Crazy Yiuf with your +0 hand axe.
Crazy Yiuf yells, "Cholesterol song poople!"
Crazy Yiuf hits you with a +3 quarterstaff of chaos!
* * * LOW HITPOINT WARNING * * *
You are lethally poisoned!
You hit Crazy Yiuf but do no damage.
Crazy Yiuf is moderately wounded.
You hit Crazy Yiuf with your +0 hand axe.
* * * LOW HITPOINT WARNING * * *
You feel very sick.
Crazy Yiuf hits you with a +3 quarterstaff of chaos!
You die...

####♣♣ ###
##....♣♣ ♣♣#..)#
#......♣♣♣♣@g...#
#.......♣..♣#..÷#
#......♣.♣♣♣ ###
#..##♣♣♣♣♣ #..#
######..####
...........##
........).....
...........###


You could see Crazy Yiuf.

Vanquished Creatures
  An adder (D:2)
  A dart slug (D:2)
  7 ball pythons
  6 endoplasms
  2 giant cockroaches
  4 goblins
  7 hobgoblins
  5 jackals
  4 kobolds
  2 bats
  4 frilled lizards
  4 rats
47 creatures vanquished.

Notes
Turn   | Place    | Note
-------+----------+-------------------------------------------
     0 | D:1      | hikkokomori the Coglin Berserker began the quest for the
                  | Orb.
     0 | D:1      | Reached XP level 1. HP: 18/18 MP: 1/1
   171 | D:1      | Reached XP level 2. HP: 23/24 MP: 2/2
   514 | D:1      | Reached XP level 3. HP: 29/29 MP: 3/3
   533 | D:1      | Reached skill level 4 in Axes
   747 | D:1      | Reached ** piety under Trog
  1187 | D:2      | Reached XP level 4. HP: 35/35 MP: 4/4
  1452 | D:3      | Found a blossoming altar of Fedhas.
  1497 | D:3      | Found a runed translucent door.
  1498 | D:3      | Noticed Crazy Yiuf
  1513 | D:3      | Mangled by Crazy Yiuf

Illustrated notes

Levels and vault maps discovered:
D:1:      ncdulo_wetmaze, layout_loops_ring, dreamdust_wishing_well
D:2:      kennysheep_big_flooded_room, layout_loops_ring
D:3:      minmay_chambers_of_twos, layout_basic, fedhas_ov_isle_minmay,
          mainiacjoe_overflow_surrounded_room, overflow_temple_1_default,
          hellmonk_ecumenical_altar_pennies_from_heaven, grunt_ministairs_2,
          uniq_grinder, uniq_crazy_yiuf_cottage

Skill      XL: |  1  2  3 |
---------------+----------+-----
Axes           | 4 |  4.7
Fighting       | |  3.0
Armour         | |  1.8
Dodging        | |  1.8

Action                     |  1- 3 |  4- 6 || total
---------------------------+-------+-------++-------
  Melee: Hand axe          |   140 |    26 ||   166
         Dagger            |     5 |       ||     5
    Use: Scroll            |       |     4 ||     4
         Potion            |       |     1 ||     1
   Stab: Sleeping          |     2 |       ||     2
 Armour: Animal skin       |    33 |       ||    33
         Plate armour      |    17 |    11 ||    28
  Dodge: Dodged            |    34 |     4 ||    38

Table legend: (Time is in decaauts)
 A = Elapsed time spent in this place.
 B = Non-inter-level travel time spent in this place.
 C = Inter-level travel time spent in this place.
 D = Time resting spent in this place.
 E = Time spent auto-exploring this place.
 F = Levels seen in this place.
 G = Mean time per level.
                   A        B        C        D        E       F      G
               +--------+--------+--------+--------+--------+-----+--------+
         Total |   1529 |   1485 |     44 |      0 |   1181 |   3 |  509.7 |
       Dungeon |   1529 |   1485 |     44 |      0 |   1181 |   3 |  509.7 |
               +--------+--------+--------+--------+--------+-----+--------+

Top non-repeatable levels by time:
     D:1: 779 daAuts
     D:2: 672 daAuts
     D:3: 77 daAuts
